 Dungeon Crawl Stone Soup version 0.30.1-11-g7821555f0a (webtiles) character file.

Game seed: 14045720139733422625

9061 Skaggerston the Conjurer (level 11, -5/81 HPs)
             Began as a Demonspawn Reaver on Dec 19, 2023.
             Was a High Priest of Okawaru.
             Slain by Harold
             ... wielding a +0 trident
              (21 damage)
             ... on level 2 of the Lair of Beasts.
             The game lasted 00:33:49 (7651 turns).

Skaggerston the Conjurer (Demonspawn Reaver)        Turns: 7651, Time: 00:33:49

Health: -5/81      AC:  8    Str: 14    XL:     11   Next: 18%
Magic:  16/18      EV: 14    Int: 22    God:    Okawaru [*****.]
Gold:   453        SH:  0    Dex: 15    Spells: 14/20 levels left

rFire   x . .        h - +9 hammer of Zagored {distort, Int-2 Dex+4 Stlth+}
rCold   + . .        (no shield)
rNeg    . . .        j - +1 troll leather armour {Pargi}
rPois   .            i - +1 helmet
rElec   .            (no cloak)
rCorr   .            (no gloves)
SInv    .            (no boots)
Will    .....        f - amulet of the acrobat
Stlth   ++++         p - ring of ice
HPRegen 1.13/turn    (no ring)
MPRegen 0.16/turn

%: acrobat
@: immotile
A: hooves 1, (demonic guardian 1), big brain 2, demonic magic 1, clever 1,
passive freeze
a: Renounce Religion, Heroism, Finesse, Duel


You were on level 2 of the Lair of Beasts.
You worshipped Okawaru.
Okawaru was extremely pleased with you.
You visited 2 branches of the dungeon, and saw 9 of its levels.

You collected 453 gold pieces.

Inventory:

Hand Weapons
 a - a +0 hand axe
 h - the +9 hammer of Zagored (weapon) {distort, Int-2 Dex+4 Stlth+}
   (You found it on level 3 of the Dungeon)

   Int:       It affects your intelligence (-2).
   Dex:       It affects your dexterity (+4).
   Stlth:     It makes you more stealthy.
Missiles
 m - a silver javelin (quivered)
 n - 3 atropa-tipped darts
Armour
 b - a +0 leather armour
 i - a +1 helmet (worn)
 j - a +1 troll leather armour (worn) {Pargi}
Jewellery
 f - an amulet of the acrobat (around neck)
 p - a ring of ice (left hand)
Wands
 e - a wand of paralysis (15)
 g - a wand of mindburst (6)
 r - a wand of acid (7)
 v - a wand of digging (8)
Scrolls
 k - 5 scrolls of teleportation
 l - a scroll of silence
 w - a scroll of noise
Potions
 c - a potion of attraction
 d - a potion of invisibility {unknown}
 o - a potion of brilliance
 q - a potion of degeneration
 s - a potion of might {unknown}
 t - a potion of lignification {unknown}
 z - a potion of curing {unknown}


   Skills:
 * Level 6.0 Fighting
 - Level 5.4(6.0) Axes
 * Level 3.5(5.0) Maces & Flails
 * Level 4.7 Throwing
 * Level 5.0 Armour
 * Level 5.4 Dodging
 * Level 5.5 Stealth
 * Level 5.2 Spellcasting
 * Level 6.5 Conjurations
 * Level 6.1 Necromancy
 * Level 4.7 Translocations
 * Level 1.9 Ice Magic
 * Level 6.5 Invocations
 * Level 5.1 Evocations


You had 14 spell levels left.
You knew the following spells:

 Your Spells              Type           Power      Damage    Failure   Level
a - Kiss of Death         Conj/Necr      100%       2d13      1%          1
b - Momentum Strike       Conj/Tloc      60%        3d9       1%          2
c - Frozen Ramparts       Ice            42%        1d7       16%         3

Your spell library contained the following spells:

 Spells                   Type           Power      Damage    Failure   Level
 Freeze                   Ice            84%        1d9       5%          1
 Hailstorm                Conj/Ice       36%        3d9       6%          3
 Portal Projectile        Hex/Tloc       32%        N/A       14%         3
 Leda's Liquefaction      Hex/Erth       2%         N/A       77%         4
 Call Canine Familiar     Summ           Unusable   N/A       N/A         3

Dungeon Overview and Level Annotations

Branches:
Dungeon (8/15)             Temple (0/1) D:5            Lair (2/5) D:8
  Swamp: Lair:2-3    Shoals: Lair:2-3     Snake: Lair:2-3    Spider: Lair:2-3

Altars:
Ashenzari
Dithmenos
Gozag
Hepliaklqana
Okawaru
Qazlal
Ru
Sif Muna
Trog
Vehumet
Wu Jian
Yredelemnul

Annotations:
Lair:2 Harold, Sonja


Innate Abilities, Weirdness & Mutations

You have large cloven feet.
((A weak demonic guardian rushes to your aid.))
You have an extremely huge brain. (Int +4)
Spells you cast may paralyse adjacent enemies.
Your mind is acute. (Int +4, Str/Dex -1)
A frigid envelope surrounds you and freezes all who hurt you.


Message History

You become entangled in the net!
You see here a throwing net.
You tear a large gash into the net.
You struggle against the net.
Harold says, "I was hoping my final job would be more of a challenge, but money is money."
You struggle against the net.
You rip the net and break free!
Harold hits you from afar with a +0 trident!!
Found a short sword.
Harold completely misses you.
Casting: Momentum Strike (safe; 1% risk of failure)
Confirm with . or Enter, or press ? or * to list all spells.
Aiming: Momentum Strike (safe; 1% risk of failure)
Press: ? - help, Dir - move target, f - Harold
Aim: Harold, wielding a +0 trident and wearing a +0 scale mail (84% to hit)
The concentrated momentum hits Harold!!
Harold is moderately wounded.
You are unable to move.
Malevolent energies surge around you.
Harold says, "Do you have any idea what people are willing to pay to have you killed, Skaggerston?"
Harold hits you from afar with a +0 trident!
* * * LOW HITPOINT WARNING * * *
Unknown command.
Aiming: Corrosive Bolt
Press: ? - help, Shift-Dir - straight line, f/p - Harold
Aim: Harold, wielding a +0 trident and wearing a +0 scale mail (moderately wounded, 84% to hit)
The bolt of acid hits Harold!
The acid corrodes Harold!
Harold is moderately wounded.
Harold hits you from afar with a +0 trident!
* * * LOW HITPOINT WARNING * * *
Casting: Momentum Strike (safe; 1% risk of failure)
Confirm with . or Enter, or press ? or * to list all spells.
You can't see any susceptible monsters within range! (Use Z to cast anyway.) Unknown command.
Aiming: Corrosive Bolt
Press: ? - help, Shift-Dir - straight line, f/p - Harold
Aim: Harold, wielding a +0 trident and wearing a +0 scale mail (moderately wounded, covered in acid, 84% to hit)
The bolt of acid hits Harold!!
Harold is severely wounded.
You hear a bellow!
Harold hits you from afar with a +0 trident!!
You die...

#.P.......# ##.........#
......)
##..........#####.......
#...........##..........
#......................#.
#............Y..........#
........................#
.........................
.......)......@.@........
.........................
.........................
........P................
.........................
..........#P###..........
.........#### ###...#....
h..?.....# ##...#... ..
....#. ...##..


You could see Harold (corroded) and a yak.

Vanquished Creatures
  A two-headed ogre (D:8)
  The ghost of Azazsd the Fighter, a novice GrBe of Trog (Arena)
  A cyclops (D:8)
  Maggie (D:8)
  Psyche (D:8)
  A cane toad (Lair:1)
  A troll (D:8)
  A polar bear (Lair:2)
  Prince Ribbit (D:8)
  5 blink frogs (Lair:2)
  Sigmund (D:2)
  3 yaks
  Menkaure (D:5)
  2 water moccasins
  Pargi (D:3)
  An ogre (D:5)
  3 orc warriors
  2 wolves (D:8)
  2 centaurs
  2 bullfrogs (D:8)
  2 kobold brigands (D:8)
  2 scorpions
  4 wights (D:6)
  3 howler monkeys (D:8)
  4 electric eels (D:8)
  5 hounds
  Crazy Yiuf (D:3)
  A gnoll bouda (D:8)
  Terence (D:3)
  4 orc wizards
  A sleepcap (D:4)
  Natasha (thrice) (D:2)
  An iguana (D:4)
  Ijyb (D:3)
  Robin (D:3)
  2 gnolls (D:6)
  7 adders
  17 orcs
  3 ball pythons
  8 endoplasms
  3 giant cockroaches
  11 goblins
  10 hobgoblins
  2 jackals (D:2)
  14 kobolds
  2 quokkas
  3 bats
  6 frilled lizards
  4 rats
158 creatures vanquished.

Vanquished Creatures (collateral kills)
  An ogre (D:5)
  A bullfrog (D:6)
  A gnoll bouda (D:6)
  An orc priest (D:6)
  An orc wizard (D:5)
  A gnoll (D:6)
  An adder (D:6)
  5 orcs
  A goblin (D:3)
13 creatures vanquished.

Vanquished Creatures (others)
  Maurice (D:8)
  An orc (D:3)
  A goblin (D:3)
3 creatures vanquished.

Grand Total: 174 creatures vanquished

Notes
Turn   | Place    | Note
-------+----------+-------------------------------------------
     0 | D:1      | Skaggerston the Demonspawn Reaver began the quest for the
                  | Orb.
     0 | D:1      | Reached XP level 1. HP: 16/16 MP: 3/3
   211 | D:1      | Gained mutation: You have an unusually large brain. (Int
                  | +2) [demonic ancestry]
   211 | D:1      | Reached XP level 2. HP: 15/22 MP: 5/5
   217 | D:1      | Learned a level 2 spell: Momentum Strike
   237 | D:2      | Found a faded altar of an unknown god.
   248 | D:2      | Gained mutation: Your mind is acute. (Int +4, Str/Dex -1)
                  | [potion of mutation]
   248 | D:2      | Gained mutation: A frigid envelope surrounds you and
                  | freezes all who hurt you. [potion of mutation]
   319 | D:2      | Prayed at the altar of an unknown god.
   319 | D:2      | Became a worshipper of Warmaster Okawaru
   319 | D:2      | Reached * piety under Okawaru
   361 | D:2      | Noticed Sigmund
   367 | D:2      | Killed Sigmund
   368 | D:2      | Reached skill level 1 in Armour
   368 | D:2      | Reached skill level 1 in Stealth
   368 | D:2      | Reached skill level 1 in Necromancy
   368 | D:2      | Reached XP level 3. HP: 15/28 MP: 2/6
   368 | D:2      | Reached XP level 4. HP: 18/34 MP: 2/7
   368 | D:2      | Gained mutation: Spells you cast may paralyse adjacent
                  | enemies. [demonic ancestry]
   368 | D:2      | Reached XP level 5. HP: 21/39 MP: 2/8
   518 | D:2      | Noticed Natasha
   527 | D:2      | Killed Natasha
   528 | D:2      | Reached skill level 1 in Translocations
   717 | D:2      | Noticed Natasha
   723 | D:2      | Killed Natasha
   935 | D:2      | Found a shimmering blue altar of Sif Muna.
  1158 | D:2      | Noticed Natasha
  1166 | D:2      | Killed Natasha
  1166 | D:2      | Reached ** piety under Okawaru
  1167 | D:2      | Gained mutation: You have an extremely huge brain. (Int +4)
                  | [demonic ancestry]
  1167 | D:2      | Reached XP level 6. HP: 21/46 MP: 6/9
  1818 | D:1      | Reached skill level 5 in Conjurations
  1818 | D:1      | Reached XP level 7. HP: 55/55 MP: 9/13
  1819 | D:1      | Reached skill level 5 in Fighting
  1819 | D:1      | Reached skill level 5 in Axes
  1819 | D:1      | Reached skill level 5 in Necromancy
  1819 | D:1      | Reached skill level 5 in Invocations
  1819 | D:1      | Gained mutation: A weak demonic guardian rushes to your
                  | aid. [demonic ancestry]
  1819 | D:1      | Reached XP level 8. HP: 62/62 MP: 9/15
  2108 | D:3      | Identified the +9 hammer of Zagored {distort, Int-2 Dex+4
                  | Stlth+}
  2119 | D:3      | Found a runed translucent door.
  2120 | D:3      | Noticed Crazy Yiuf
  2130 | D:3      | Killed Crazy Yiuf
  2304 | D:3      | Noticed Robin
  2317 | D:3      | Killed Robin
  2509 | D:3      | Found a bloodstained altar of Trog.
  2625 | D:3      | Noticed Pargi
  2633 | D:3      | Killed Pargi
  2688 | D:3      | Found a sacrificial altar of Ru.
  2689 | D:3      | Noticed Terence
  2692 | D:3      | Found a broken altar of Ashenzari.
  2807 | D:3      | Found a shadowy altar of Dithmenos.
  2850 | D:3      | Noticed Ijyb
  2858 | D:3      | Killed Ijyb
  3239 | D:3      | Killed Terence
  3276 | D:4      | Found a radiant altar of Vehumet.
  3631 | D:4      | Found an ornate altar of the Wu Jian Council.
  4336 | D:5      | Entered Level 5 of the Dungeon
  4461 | D:5      | Noticed Menkaure
  4470 | D:5      | Killed Menkaure
  4499 | D:5      | Found a staircase to the Ecumenical Temple.
  4594 | D:5      | Found a basalt altar of Yredelemnul.
  4943 | D:5      | Reached XP level 9. HP: 64/68 MP: 16/16
  5217 | D:6      | Learned a level 3 spell: Frozen Ramparts
  5276 | D:6      | Reached skill level 1 in Maces & Flails
  5329 | D:6      | Reached *** piety under Okawaru
  5812 | D:6      | Found a stormy altar of Qazlal.
  5852 | D:6      | Found an opulent altar of Gozag.
  5895 | D:6      | You fall into a shaft and drop 2 floors!
  5911 | D:8      | Noticed Prince Ribbit
  5911 | D:8      | Noticed a troll
  5926 | D:8      | Killed Prince Ribbit
  5927 | D:8      | Killed a troll
  5934 | D:8      | Noticed Maurice
  5948 | D:8      | Killed Maurice
  5976 | D:8      | Noticed Psyche
  5989 | D:8      | Noticed Maggie
  5996 | D:8      | Killed Maggie
  5996 | D:8      | Reached **** piety under Okawaru
  5998 | D:8      | Gained mutation: You have large cloven feet. [demonic
                  | ancestry]
  5998 | D:8      | Reached XP level 10. HP: 18/73 MP: 15/17
  5999 | D:8      | Killed Psyche
  6000 | D:8      | Reached skill level 5 in Stealth
  6104 | D:8      | Noticed a two-headed ogre
  6108 | D:8      | Paralysed by a centaur for 2 turns
  6119 | D:8      | Killed a two-headed ogre
  6119 | D:8      | Reached ***** piety under Okawaru
  6120 | D:8      | Reached skill level 5 in Dodging
  6120 | D:8      | Reached skill level 1 in Ice Magic
  6122 | D:8      | Paralysed by a centaur for 2 turns
  6123 | D:8      | Reached skill level 5 in Spellcasting
  6302 | D:8      | Found a staircase to the Lair.
  6376 | D:8      | Found a shimmering blue altar of Sif Muna.
  6596 | D:8      | Found a runed translucent gate.
  6597 | D:8      | Found a runed translucent gate.
  6598 | D:8      | Found a runed translucent gate.
  6600 | D:8      | Noticed Azazsd's ghost (novice GrBe)
  6600 | D:8      | Noticed a cyclops
  6667 | Arena    | Entered the Arena
  6674 | Arena    | Killed Azazsd's ghost
  6674 | Arena    | Received a gift from Okawaru
  6701 | D:8      | Killed a cyclops
  6953 | Lair:1   | Entered Level 1 of the Lair of Beasts
  7160 | Lair:1   | Noticed a boulder beetle
  7169 | Lair:1   | Banished a boulder beetle
  7362 | Lair:1   | Noticed a cane toad
  7375 | Lair:1   | Killed a cane toad
  7376 | Lair:1   | Reached skill level 5 in Evocations
  7480 | Lair:2   | Reached XP level 11. HP: 81/81 MP: 14/18
  7489 | Lair:2   | Reached skill level 5 in Armour
  7495 | Lair:2   | Received a gift from Okawaru
  7571 | Lair:2   | Noticed a six-headed hydra
  7578 | Lair:2   | Found a hazy altar of Hepliaklqana.
  7601 | Lair:2   | Noticed Sonja
  7640 | Lair:2   | Noticed Harold
  7651 | Lair:2   | Slain by Harold

Illustrated notes

Levels and vault maps discovered:
D:1:      minmay_arrival_arboretum_small, layout_loops_ring
D:2:      layout_rooms, shapermc_ecumenical_altar_starsandcircs, basic_altar,
          serial_rivers, chequers_serial_rivers_large_b,
          chequers_serial_rivers_micro_e, chequers_serial_rivers_small_3,
          chequers_serial_rivers_small_3, chequers_serial_rivers_small_a,
          chequers_serial_rivers_small_b, uniq_natasha, uniq_sigmund
D:3:      layout_basic, nicolae_overflow_hidden_temple,
          trog_three_pillars_becter, uniq_ijyb, uniq_terence, uniq_robin,
          uniq_crazy_yiuf_cottage, uniq_pargi
D:4:      layout_layer_cave, kennysheep_mini_moat, pf_just_have_faith,
          nzn_wu_jian_council_hall, minmay_mini_jars
D:5:      layout_loops_corners, mainiacjoe_overflow_concentric_impassable,
          minmay_temple_entry_glass, uniq_menkaure
D:6:      layout_loops_ring, mainiacjoe_overflow_two_lobes
D:8:      layout_loops_ring, led_sif_book, erik_lair_island,
          gammafunk_ghost_split, dreamdust_gnoll_shepherd, uniq_maggie,
          uniq_maurice, uniq_psyche, uniq_prince_ribbit1
Lair:1:   layout_cave_pods
Lair:2:   layout_cave_shapes, minmay_shoals_entry_hut, basic_altar,
          nicolae_quartered_pool_super, uniq_harold, uniq_sonja

Skill      XL: |  1  2  3  4  5  6  7  8  9 10 11 |
---------------+----------------------------------+-----
Axes           | 3 4 5 |  5.4
Armour         | 1 2 3 4 5 |  5.0
Dodging        | 2 4 5 |  5.4
Stealth        | 1 3 4 5 |  5.5
Necromancy     | 1 4 5 6 |  6.1
Translocations | 1 3 4 |  4.7
Fighting       | 4 5 6 |  6.0
Throwing       | 3 4 |  4.7
Spellcasting   | 4 5 |  5.2
Conjurations   | 5 6 |  6.5
Invocations    | 4 5 6 |  6.5
Evocations     | 3 4 5 |  5.1
Maces & Flails | 2 3 |  3.5
Ice Magic      | 1 |  1.9

Action                     |  1- 3 |  4- 6 |  7- 9 | 10-12 || total
---------------------------+-------+-------+-------+-------++-------
  Melee: Hand axe          |    41 |    33 |    12 |       ||    86
         Punch             |     1 |       |       |       ||     1
         Mace              |       |       |   109 |    81 ||   190
         Kick              |       |       |       |    22 ||    22
  Throw: Dart              |       |       |     4 |     2 ||     6
         Javelin           |       |       |       |     1 ||     1
   Cast: Momentum Strike   |     3 |     1 |     9 |    11 ||    24
         Kiss of Death     |     2 |     1 |     2 |     1 ||     6
         Frozen Ramparts   |       |       |     2 |     1 ||     3
 Invoke: Duel              |       |       |       |     1 ||     1
  Evoke: Wand              |       |       |    10 |    16 ||    26
    Use: Scroll            |     1 |     2 |    10 |     3 ||    16
         Potion            |     1 |     1 |     4 |     1 ||     7
   Stab: Sleeping          |     1 |       |     8 |     1 ||    10
         Paralysed         |       |     1 |     5 |     7 ||    13
 Armour: Leather armour    |    23 |    14 |     5 |       ||    42
         Troll leather arm |       |       |    19 |    18 ||    37
  Dodge: Dodged            |    39 |    30 |   128 |    78 ||   275
